 Dungeon Crawl Stone Soup version 0.27-a0-1101-ge311f74bc8 (webtiles) character file.

Game seed: 15745337189256524307

206 Mgcat the Chopper (level 5, -2/37 HPs)
             Began as an Octopode Fighter on Apr 28, 2021.
             Slain by Pikel
             ... wielding a +0 whip of flaming
              (10 damage)
             ... on level 3 of the Dungeon.
             The game lasted 00:03:15 (3005 turns).

Mgcat the Chopper (Octopode Fighter)                Turns: 3005, Time: 00:03:16

Health: -2/37      AC:  1    Str: 16    XL:     5   Next: 84%
Magic:  5/5        EV: 11    Int: 11    God:
Gold:   124        SH:  8    Dex: 11    Spells: 4/4 levels left

rFire    . . .     SeeInvis .   a - +0 war axe
rCold    . . .     Faith    .   b - +0 kite shield
rNeg     . . .     Spirit   .   (helmet restricted)
rPois    .         Reflect  .   (no amulet)
rElec    .         Harm     .   g - ring of willpower
rCorr    .         Rampage  .   (no ring)
Will     +....                  (no ring)
Stlth    ++........             (no ring)
HPRegen  0.12/turn              (no ring)
MPRegen  0.09/turn              (no ring)
                                (no ring)
                                (no ring)

@: mighty
A: almost no armour, amphibious, 8 rings, camouflage 1, gelatinous body 1,
(nimble swimmer 1), tentacles
a: no special abilities


You were on level 3 of the Dungeon.
You visited 1 branch of the dungeon, and saw 4 of its levels.

You collected 124 gold pieces.

Inventory:

Hand Weapons
 a - a +0 war axe (weapon)
Armour
 b - a +0 kite shield (worn)
Jewellery
 g - a ring of willpower (left tentacle)
   (You found it on level 1 of the Dungeon)
 h - an amulet of faith {Faith, !P}
   (You found it on level 2 of the Dungeon)
Scrolls
 e - 4 scrolls of identify {unknown}
 j - a scroll of enchant weapon {unknown}
 k - a scroll of silence {unknown}
Potions
 d - a potion of brilliance {unknown}
 f - 3 potions of curing {unknown}
 m - a potion of magic {unknown}
 n - a potion of heal wounds {unknown}


   Skills:
 + Level 4.2 Fighting
 * Level 4.8 Axes
 + Level 3.0 Dodging
 + Level 3.1 Shields


You had 4 spell levels left.
You didn't know any spells.
Your spell library contained the following spells:

 Spells                   Type           Power      Damage    Failure   Level
 Magic Dart               Conj           0%         1d3       86%         1
 Summon Small Mammal      Summ           0%         N/A       86%         1
 Blink                    Tloc           N/A        N/A       94%         2
 Call Imp                 Summ           0%         N/A       94%         2
 Slow                     Hex            0%         N/A       94%         2
 Call Canine Familiar     Summ           0%         N/A       99%         3
 Conjure Flame            Conj/Fire      0%         6-21      99%         3
 Mephitic Cloud           Conj/Pois/Air  0%         N/A       99%         3
 Summon Guardian Golem    Hex/Summ       0%         N/A       99%         3
 Summon Ice Beast         Ice/Summ       0%         N/A       100%        4
 Summon Lightning Spire   Summ/Air       0%         N/A       100%        4


Dungeon Overview and Level Annotations

Branches:
Dungeon (4/15)
 Temple: D:4-7

Altars:
Dithmenos
Kikubaaqudgha
Qazlal
Sif Muna

Shops:
D:3 [

Annotations:
D:3 Pikel


Innate Abilities, Weirdness & Mutations

You cannot wear most types of armour.
You are amphibious.
You can wear up to eight rings at the same time.
Your skin changes colour to match your surroundings (Stealth+).
Your rubbery body absorbs attacks. (AC +1, EV +1)
((You are camouflaged near water. (Stealth+)))
You have tentacles for arms and can constrict up to eight enemies at once.


Message History

What level of the Dungeon? (default 1, ? - help)
Things that are here:
a +0 dagger; a goblin skeleton
There is a stone staircase leading down here.
You climb downwards.
You hear the hiss of flowing sand.
There is an entrance to an ossuary on this level.
Hurry and find it before the portal is buried!
There is a stone staircase leading up here.
As you read the scroll labelled VIKAUF ZUEBARCH, it crumbles to dust.
The air around you briefly surges with heat, but it dissipates.
It was a scroll of immolation.
Unknown command.
Unknown command.
As you read the scroll labelled SIHOVA TIXZIME, it crumbles to dust.
You feel strangely unstable.
It was a scroll of teleportation.
Unknown command.
You climb upwards.
There is a stone staircase leading down here.
Your surroundings suddenly seem different.
There is a stone staircase leading down here.
You climb downwards.
You hear the hiss of flowing sand.
There is an entrance to an ossuary on this level.
Hurry and find it before the portal is buried!
A goblin, 3 gnolls, an ogre, 4 lemures and Pikel come into view.
Pikel is wielding a +0 whip of flaming.
The gnoll shouts!
The lemure shouts!
The gnoll shouts!
Pikel shouts!
The lemure shouts! x2; You hear a shout!
The goblin shouts!
The lemure hits you. The gnoll barely misses you.
The lemure moves out of view.
There is a stone staircase leading up here.
You take 2 damage, and have 35/37 hp.
Danger x5: gnoll x3, Pikel, ogre!
Unknown command.
The gnoll closely misses you. You block the lemure's attack.
The gnoll hits you with a +0 flail. You block Pikel's attack.
You climb upwards.
There is a stone staircase leading down here.
You take 4 damage, and have 31/37 hp.
Warning x3: The gnoll can hit for moderate damage in melee, and throws nets! x2
Pikel can hit for high damage in melee!
Unknown command.
Warning x3: The gnoll can hit for moderate damage in melee, and throws nets! x2
Pikel can hit for high damage in melee!
Unknown command.
Warning x3: The gnoll can hit for moderate damage in melee, and throws nets! x2
Pikel can hit for high damage in melee!
Unknown command.
Warning x3: The gnoll can hit for moderate damage in melee, and throws nets! x2
Pikel can hit for high damage in melee!
Unknown command.
Warning x3: The gnoll can hit for moderate damage in melee, and throws nets! x2
Pikel can hit for high damage in melee!
Unknown command.
Warning x3: The gnoll can hit for moderate damage in melee, and throws nets! x2
Pikel can hit for high damage in melee!
Unknown command.
Warning x3: The gnoll can hit for moderate damage in melee, and throws nets! x2
Pikel can hit for high damage in melee!
Unknown command.
Warning x3: The gnoll can hit for moderate damage in melee, and throws nets! x2
Pikel can hit for high damage in melee!
The gnoll hits you with a +0 whip. You block the gnoll's attack.
Pikel barely misses you.
You take 3 damage, and have 28/37 hp.
Warning x3: The gnoll can hit for moderate damage in melee, and throws nets! x2
Pikel can hit for high damage in melee!
You block Pikel's attack.
Warning x3: The gnoll can hit for moderate damage in melee, and throws nets! x2
Pikel can hit for high damage in melee!
Warning x3: The gnoll can hit for moderate damage in melee, and throws nets! x2
Pikel can hit for high damage in melee!
Pikel says, "Hell isn't that bad."
Warning x3: The gnoll can hit for moderate damage in melee, and throws nets! x2
Pikel can hit for high damage in melee!
Warning x3: The gnoll can hit for moderate damage in melee, and throws nets! x2
Pikel can hit for high damage in melee!
Sorry, you're not good enough to have a special ability.
Warning x3: The gnoll can hit for moderate damage in melee, and throws nets! x2
Pikel can hit for high damage in melee!
Unknown command.
Warning x3: The gnoll can hit for moderate damage in melee, and throws nets! x2
Pikel can hit for high damage in melee!
You feel very mighty all of a sudden. You block the gnoll's attack.
Warning x3: The gnoll can hit for moderate damage in melee, and throws nets! x2
Pikel can hit for high damage in melee!
Unknown command.
Warning x3: The gnoll can hit for moderate damage in melee, and throws nets! x2
Pikel can hit for high damage in melee!
Unknown command.
Warning x3: The gnoll can hit for moderate damage in melee, and throws nets! x2
Pikel can hit for high damage in melee!
You hit the gnoll but do no damage. You grab the gnoll.
You constrict the gnoll. The gnoll hits you with a +0 whip!
The gnoll closely misses you.
You take 8 damage, and have 21/37 hp.
MASSIVE DAMAGE!!
Warning x3: The gnoll can hit for moderate damage in melee, and throws nets! x2
Pikel can hit for high damage in melee!
You slash the gnoll!
You kill the gnoll!
Pikel hits you with a +0 whip of flaming.
Pikel burns you.
You take 6 damage, and have 15/37 hp.
Warning x2: The gnoll can hit for moderate damage in melee, and throws nets!
Pikel can hit for high damage in melee!
You closely miss Pikel. Your grab misses Pikel.
Pikel hits you with a +0 whip of flaming.
* * * LOW HITPOINT WARNING * * *
Pikel burns you.
* * * LOW HITPOINT WARNING * * *
You take 7 damage, and have 8/37 hp.
Warning x2: The gnoll can hit for moderate damage in melee, and throws nets!
Pikel can hit for high damage in melee!
You slash Pikel! Your grab misses Pikel.
Pikel is moderately wounded.
Pikel misses you. x2
Warning x2: The gnoll can hit for moderate damage in melee, and throws nets!
Pikel can hit for high damage in melee!
You hit Pikel. Your grab misses Pikel. Your squeeze misses Pikel.
Pikel is heavily wounded.
You block Pikel's attack.
Pikel hits you with a +0 whip of flaming!
You die...

..........#.#.........####.#≈≈≈##
..........###........###.#.......
....)..∩..##........#'...#.......
..(.......'...#'#...#....#.......
..........#####)##..#...##.......
..........#..#...##.#)..##.......
#####.....##......#.#†####.......
#####.....#########'######.......
..#.............@Kg.(............
#...###...####.###5).>...........
...<.####....#.###........(.####.
#..#....##.....##...........###..
...####.####...#....#.###........
#..####.# ##......##.##..#......
#.....#.#####.................(..
#.###......##.....#..............
#.# ##.###.###..#.#..............


You could see Pikel, a lemure and a gnoll.

Vanquished Creatures
  A necrophage (D:2)
  2 adders (D:2)
  A gnoll (D:3)
  2 dart slugs
  3 orcs (D:3)
  3 endoplasms
  6 giant cockroaches
  7 goblins
  4 hobgoblins
  15 jackals
  3 quokkas (D:2)
  8 ball pythons
  3 bats
  6 frilled lizards
  7 kobolds
  10 rats
81 creatures vanquished.

Notes
Turn   | Place    | Note
-------+----------+-------------------------------------------
     0 | D:1      | Mgcat the Octopode Fighter began the quest for the Orb.
     0 | D:1      | Reached XP level 1. HP: 16/16 MP: 1/1
   138 | D:1      | Reached XP level 2. HP: 12/21 MP: 2/2
   141 | D:1      | HP: 5/21 [rat (2)]
   567 | D:1      | Reached skill level 3 in Axes
   588 | D:1      | Reached XP level 3. HP: 26/26 MP: 3/3
  1093 | D:2      | Noticed a necrophage
  1481 | D:2      | Reached XP level 4. HP: 16/32 MP: 4/4
  1985 | D:2      | Found a faded altar of an unknown god.
  2110 | D:2      | Killed a necrophage
  2111 | D:2      | Reached skill level 4 in Fighting
  2111 | D:2      | Reached skill level 4 in Axes
  2111 | D:2      | Reached XP level 5. HP: 17/37 MP: 5/5
  2395 | D:3      | Found Myddocea's Armour Emporium.
  2602 | D:3      | Found a shadowy altar of Dithmenos.
  2766 | D:3      | Found an ancient bone altar of Kikubaaqudgha.
  2872 | D:3      | Found a stormy altar of Qazlal.
  2917 | D:3      | Found a shimmering blue altar of Sif Muna.
  2992 | D:4      | Noticed Pikel
  2992 | D:4      | Noticed a lemure
  2992 | D:4      | Noticed a lemure
  2992 | D:4      | Noticed a lemure
  2992 | D:4      | Noticed a lemure
  2992 | D:4      | Noticed an ogre
  3003 | D:3      | HP: 8/37 [Pikel/+0 whip of flaming (2)]
  3005 | D:3      | Slain by Pikel

Illustrated notes

Levels and vault maps discovered:
D:1:      dpeg_arrival_tiny_g, layout_basic
D:2:      layout_loops_ring, shapermc_ecumenical_altar_mp_vishouse
D:3:      layout_rooms, nicolae_sif_muna_little_library, lemuel_doored_altar,
          grunt_dithmenos_smoke_and_mirrors, nicolae_qazlal_general_emergency,
          serial_shops, shop, chequers_serial_rivers_micro_d,
          grunt_ministairs_15, minmay_pentangle
D:4:      layout_loops_ring, nicolae_ossuary_entry_plus, uniq_blork_the_orc,
          uniq_pikel, uniq_grinder

Skill      XL: |  1  2  3  4 |
---------------+-------------+-----
Axes           | 3 4 |  4.8
Fighting       | 4 |  4.2
Dodging        | |  3.0
Shields        | |  3.1

Action                   |  1- 3 |  4- 6 || total
-------------------------+-------+-------++-------
Melee: War axe           |    88 |    68 ||   156
       Constrict         |    18 |    19 ||    37
       Tentacles         |    12 |     8 ||    20
  Use: Potion            |     1 |     1 ||     2
       Scroll            |       |     2 ||     2
 Stab: Sleeping          |     7 |     6 ||    13
Armor: Skin              |    19 |     5 ||    24
Dodge: Dodged            |    25 |    24 ||    49
Block: Kite shield       |    45 |    29 ||    74

Table legend: (Time is in decaauts)
 A = Elapsed time spent in this place.
 B = Non-inter-level travel time spent in this place.
 C = Inter-level travel time spent in this place.
 D = Time resting spent in this place.
 E = Time spent auto-exploring this place.
 F = Levels seen in this place.
 G = Mean time per level.
                   A        B        C        D        E       F      G
               +--------+--------+--------+--------+--------+-----+--------+
         Total |   3093 |   2997 |     96 |    739 |   1760 |   4 |  773.2 |
       Dungeon |   3093 |   2997 |     96 |    739 |   1760 |   4 |  773.2 |
               +--------+--------+--------+--------+--------+-----+--------+

Top non-repeatable levels by time:
     D:2: 1309 daAuts
     D:1: 1101 daAuts
     D:3: 675 daAuts
     D:4: 6 daAuts

Table legend:
 A = Kills in this place as a percentage of kills in entire the game.
 B = Kills by you in this place as a percentage of kills by you in the entire game.
 C = Kills by friends in this place as a percentage of kills by friends in the entire game.
 D = Other kills in this place as a percentage of other kills in the entire game.
 E = Experience gained in this place as a percentage of experience gained in the entire game.
 F = Experience gained in this place divided by the number of levels of this place that you have seen.
                   A       B       C       D       E      F
               +-------+-------+-------+-------+-------+----------------------
         Total | 100.0 | 100.0 |   N/A |   N/A | 100.0 |  73.8
       Dungeon | 100.0 | 100.0 |   N/A |   N/A | 100.0 |  73.8
               +-------+-------+-------+-------+-------+----------------------
